 Dungeon Crawl Stone Soup version 0.22-a0-469-gf26638a (webtiles) character file.

683 iamserjio the Chopper (level 7, 0/55 HPs)
             Began as a Demonspawn Chaos Knight on June 12, 2018.
             Succumbed to an adder's poison
             ... on level 3 of the Dungeon.
             The game lasted 00:09:29 (4816 turns).

iamserjio the Chopper (Demonspawn Chaos Knight)     Turns: 4816, Time: 00:09:29

Health: 0/55       AC: -7    Str: 15    XL:     7   Next: 35%
Magic:  7/7        EV:  6    Int: 13    God:    Xom [......]
Gold:   173        SH:  0    Dex: 12    Spells: 6/6 levels left

rFire    . . .     SeeInvis .   w - +0 war axe
rCold    . . .     Gourm    .   (no shield)
rNeg     . . .     Faith    .   y - +0 chain mail
rPois    .         Spirit   .   v - +0 helmet
rElec    .         Reflect  .   (no cloak)
rCorr    .         Harm     .   (no gloves)
MR       .....                  (no boots)
Stlth    ..........             (no amulet)
HPRegen  0.18/turn              l - ring of wizardry
MPRegen  0.10/turn              (no ring)

@: lethally poisoned (0 -> -3), corroded
A: hooves 1, slimy green scales 1, sense surroundings 1, powered by death 1
a: Renounce Religion


You were on level 3 of the Dungeon.
You worshipped Xom.
You were a very special plaything of Xom.
You were not hungry.

You visited 1 branch of the dungeon, and saw 4 of its levels.

You collected 173 gold pieces.

Inventory:

Hand Weapons
 a - a +0 hand axe of chaos
 w - a +0 war axe (weapon)
Missiles
 e - 79 stones (quivered)
 r - 16 poisoned needles
Armour
 b - a +2 leather armour
 v - a +0 helmet (worn)
 y - a +0 chain mail (worn)
Jewellery
 h - a cursed amulet of inaccuracy
 l - a ring of wizardry (left hand)
Scrolls
 f - a scroll of enchant weapon
 g - a scroll of amnesia
 p - 2 scrolls of remove curse {unknown}
 q - a scroll of immolation {unknown}
 s - a scroll of magic mapping {unknown}
 u - a scroll of teleportation {unknown}
Potions
 d - a potion of heal wounds {unknown}
 i - a potion of lignification
 j - 2 potions of flight {unknown}
 k - a potion of ambrosia {unknown}
 n - a potion of might {unknown}
 o - 3 potions of curing {unknown}
 t - a potion of brilliance {unknown}
Comestibles
 c - 8 rations
 x - 2 chunks of flesh


   Skills:
 + Level 4.4 Fighting
 * Level 6.1 Axes
 + Level 4.1 Armour
 - Level 0.8 Dodging


You had 6 spell levels left.
You didn't know any spells.
Your spell library was empty.

Dungeon Overview and Level Annotations

Branches:
Dungeon (4/15)
 Temple: D:4-7

Altars:
Hepliaklqana
Xom
Zin

Annotations:
D:3 1 runed door


Innate Abilities, Weirdness & Mutations

You have large cloven feet.
You are partially covered in slimy green scales. (AC +2)
You regenerate a little health from kills.
You passively map a small area around you.


Message History

You barely miss the adder. Your kick misses the adder.
The adder is almost dead.
You barely miss the rust devil.
You feel sick. The adder bites you. The rust devil hits you.
The rust devil corrodes you!
Some of the chunks of flesh in your inventory have rotted away.
You miss the adder. Your kick misses the adder.
The adder is almost dead.
You hit the rust devil but do no damage.
The adder bites you. The rust devil hits you.
* * * LOW HITPOINT WARNING * * *
The rust devil corrodes you! The adder bites you.
* * * LOW HITPOINT WARNING * * *
As you read the scroll of fear, it crumbles to dust.
You assume a fearsome visage.
The ufetubus is unaffected.
The white imp is unaffected.
The rust devil is unaffected.
The adder looks frightened!
The rust devil hits you!
* * * LOW HITPOINT WARNING * * *
The rust devil corrodes you!
You die...
Xom thinks this is hilarious!

#####.# #.# #.# #.......
# #.#
#.####.#####...###. #
#.# #.............##A##
#.# ######.......###.##
#.# ###.#..###+.## #.#
#.#..#>.._.. ..#
#.##.####.##
#############.....###.##
, ,
......5@.45...#....##>##
*
######S#####.#####..###.
#. #.# ##..... * #. #.#
###### #. #.###########
#. #............ , #>*
############# #.* ,


You could see a rust devil, an adder (fleeing), a white imp and an ufetubus.

Vanquished Creatures
  A red devil (D:3)
  Sigmund (D:3)
  A hound (D:4)
  An orc priest (D:3)
  2 worker ants (D:4)
  Robin (D:3)
  4 gnolls
  A river rat (shapeshifter) (D:4)
  4 adders
  2 worms
  A dart slug (D:1)
  3 orcs (D:3)
  2 giant cockroaches (D:2)
  8 hobgoblins
  9 jackals
  4 kobolds
  2 quokkas
  6 bats
  3 frilled lizards
  15 goblins
  7 rats
78 creatures vanquished.

Vanquished Creatures (collateral kills)
  3 gnolls (D:4)
3 creatures vanquished.

Grand Total: 81 creatures vanquished

Notes
Turn   | Place    | Note
-------+----------+-------------------------------------------
     0 | D:1      | iamserjio the Demonspawn Chaos Knight began the quest for the Orb.
     0 | D:1      | Reached XP level 1. HP: 18/18 MP: 1/1
   312 | D:1      | XOM: divination: detect items
   327 | D:1      | Reached skill level 3 in Axes
   378 | D:1      | XOM: divination: detect creatures
   428 | D:1      | Gained mutation: You are partially covered in slimy green scales. (AC +2) [demonic ancestry]
   428 | D:1      | Reached XP level 2. HP: 24/24 MP: 2/2
   999 | D:1      | XOM: divination: detect items
  1030 | D:1      | XOM: divination: magic mapping
  1131 | D:2      | XOM: divination: detect items
  1174 | D:2      | Reached XP level 3. HP: 28/29 MP: 3/3
  1223 | D:2      | Found a shimmering altar of Xom.
  1224 | D:2      | Found a hazy altar of Hepliaklqana.
  1224 | D:2      | Noticed a hell beast
  1225 | D:2      | Noticed a spectral ugly thing
  1225 | D:2      | Noticed a hell beast
  1353 | D:2      | XOM: harmless Pois miscast
  2012 | D:2      | Reached skill level 4 in Axes
  2012 | D:2      | Gained mutation: You have large cloven feet. [demonic ancestry]
  2012 | D:2      | Reached XP level 4. HP: 25/35 MP: 4/4
  2517 | D:3      | XOM: harmless Ice miscast
  2554 | D:3      | XOM: 6-stop teleportation journey
  2796 | D:3      | Noticed Grinder
  2811 | D:3      | Paralysed by Grinder for 5 turns
  2818 | D:3      | XOM: fake destruction
  2974 | D:4      | Noticed a porcupine
  2974 | D:4      | a worm changed into a porcupine
  2974 | D:4      | XOM: polymorph worm -> porcupine
  2978 | D:4      | XOM: butterfly on damage
  2978 | D:4      | a porcupine changed into a worker ant
  3033 | D:4      | XOM: harmless Fire miscast
  3118 | D:4      | Reached XP level 5. HP: 32/41 MP: 5/5
  3305 | D:4      | XOM: give mutation
  3305 | D:4      | Gained mutation: You passively map a small area around you. [Xom's grace]
  3314 | D:4      | XOM: 3-stop teleportation journey
  3323 | D:4      | Found a glowing silver altar of Zin.
  3365 | D:4      | XOM: potion effect (might)
  3600 | D:3      | Reached skill level 5 in Axes
  3661 | D:3      | XOM: scenery: create altars
  3668 | D:3      | Paralysed by something for 4 turns
  3686 | D:3      | Paralysed by something for 6 turns
  3691 | D:3      | Noticed Grinder
  3691 | D:3      | Grinder changed into Grinder the red devil
  3691 | D:3      | XOM: polymorph Grinder -> Grinder the red devil
  3697 | D:3      | Killed Grinder the red devil
  3697 | D:3      | Reached XP level 6. HP: 20/48 MP: 6/6
  4101 | D:3      | Noticed Sigmund
  4385 | D:3      | XOM: enchant monster (good)
  4392 | D:3      | Your ally died
  4392 | D:3      | Reached skill level 6 in Axes
  4392 | D:3      | Gained mutation: You regenerate a little health from kills. [demonic ancestry]
  4392 | D:3      | Reached XP level 7. HP: 34/54 MP: 7/7
  4571 | D:3      | Found a glowing silver altar of Zin.
  4572 | D:3      | Found a runed door.
  4572 | D:3      | Noticed an angel
  4601 | D:3      | Noticed Robin
  4643 | D:3      | Killed Robin
  4800 | D:3      | XOM: harmless Erth miscast
  4806 | D:3      | XOM: summons 3 hostile demons
  4807 | D:3      | Noticed a rust devil
  4815 | D:3      | HP: 1/55 [rust devil[Xom] (8)]
  4816 | D:3      | Succumbed to an adder's poison

Vault maps used:
D:1:      zelgadis_glass_arrival_small
D:2:      regret_index_temple_of_mockery, st_stairs_7
D:3:      lemuel_angel_altar, uniq_crazy_yiuf_cottage, uniq_sigmund,
          uniq_grinder, uniq_robin
D:4:      old_standard_altar, first_ration

Skill      XL: |  1  2  3  4  5  6 |
---------------+-------------------+-----
Axes           | 3 4 5 6 |  6.1
Armour         | 2 3 4 |  4.1
Fighting       | 4 |  4.4
Dodging        | |  0.8

Action                   |  1- 3 |  4- 6 |  7- 9 || total
-------------------------+-------+-------+-------++-------
Melee: Hand axe          |   133 |   118 |    20 ||   271
       Kick              |       |    17 |     4 ||    21
       War axe           |       |       |    12 ||    12
Throw: Stone             |       |     3 |       ||     3
  Use: Scroll            |       |     4 |     1 ||     5
       Potion            |       |     1 |       ||     1
 Stab: Paralysed         |     1 |       |       ||     1
       Confused          |       |     1 |     1 ||     2
  Eat: Chunk             |     3 |     7 |       ||    10
       Ration            |       |     1 |       ||     1
Armor: Leather armour    |    57 |    26 |     7 ||    90
       Skin              |       |    19 |       ||    19
       Chain mail        |       |       |     9 ||     9
Dodge: Dodged            |    74 |    45 |    17 ||   136

Table legend:
 A = Spawn XP
 B = Non-spawn XP
 C = Spawn XP percentage of total XP
 D = Spawn monster count
 E = Non-spawn monster count
 F = Spawn count percentage of total count
 G = Total turns spent on level
                    A         B        C        D         E        F      G
               +---------+---------+-------+---------+---------+-------+---------
         Total |       0 |     976 |   0.0 |       0 |      81 |   0.0 |  4816
               +---------+---------+-------+---------+---------+-------+---------
           D:1 |       0 |      37 |   0.0 |       0 |      22 |   0.0 |  1121
           D:2 |       0 |      74 |   0.0 |       0 |      22 |   0.0 |  1642
           D:3 |       0 |     694 |   0.0 |       0 |      26 |   0.0 |  1566
           D:4 |       0 |     171 |   0.0 |       0 |      11 |   0.0 |   487
               +---------+---------+-------+---------+---------+-------+---------
